 Dungeon Crawl Stone Soup version 0.29.1-15-g9cfb28693d (webtiles) character file.

Game seed: 15058381138379873312

51984 tizbic2 the Warrior (level 14, -4/102 (104) HPs)
             Began as a Tengu Berserker on Apr 23, 2023.
             Was a High Priest of Trog.
             Slain by a spatial vortex (13 damage)
             ... summoned by a spatial maelstrom
             ... on level 4 of the Abyss.
             The game lasted 01:26:15 (15103 turns).

tizbic2 the Warrior (Tengu Berserker)              Turns: 15103, Time: 01:26:16

HP:   -4/102 (104)  AC: 22    Str: 16    XL:     14   Next: 62%
MP:   0/22          EV: 13    Int:  7    God:    Trog [*****.]
Gold: 1034          SH:  0    Dex: 13    Spells: 13/13 levels left

rFire   + + +      SeeInvis .   w - +7 arbalest
rCold   + . .      Faith    .   (shield currently unavailable)
rNeg    . . .      Spirit   +   r - +6 fire dragon scales
rPois   .          Reflect  .   g - +0 hat "Nociak" {Rampage Fly rF+ rC++ Regen+}
rElec   +          Harm     .   v - scarf {repulsion}
rCorr   .          Rampage  +   h - +1 pair of gloves
Will    +....      Rage     3%  (boots unavailable)
Stlth   ..........              T - amulet of guardian spirit
HPRegen 0.00/turn               x - ring of magical power
MPRegen 0.18/turn               l - +4 ring of protection

@: sick, flying quickly and evasively, hasted, studying Unarmed Combat, lightly
drained, repel missiles, very quick
A: beak, talons 3, nimble flight, low MP 1, electricity resistance, [berserk 1],
[clumsy 2], [deterioration 1], [screaming 2], [weak 2]
a: Renounce Religion, Berserk, Trog's Hand, Brothers in Arms


You were on level 4 of the Abyss.
You worshipped Trog.
Trog was extremely pleased with you.
You visited 1 branch of the dungeon, and saw 15 of its levels.
You visited the Abyss 1 time.
You also visited: Sewer, Ossuary and Bailey.

You collected 1263 gold pieces.
You spent 229 gold pieces at shops.

Inventory:

Hand Weapons
 a - the +10 lance "Wyrmbane" {slay drac, rPois rF+ rC+ AC+3}
   (You took it off Maggie on level 8 of the Dungeon)

   It inflicts extra damage against dragons and draconians.
   AC:        It affects your AC (+3).
   rF:        It protects you from fire.
   rC:        It protects you from cold.
   rPois:     It protects you from poison.
 f - a +1 vampiric whip
 t - a +3 spear of venom
 w - a +7 arbalest (weapon)
 I - a +3 sling
 K - a +2 rapier of freezing
 L - a +1 war axe of flaming
 Z - a +4 vorpal rapier
Missiles
 c - 12 silver javelins
 q - 3 throwing nets
 s - 56 poisoned darts
 C - 6 boomerangs
 S - 7 javelins
 V - 2 curare-tipped darts
Armour
 g - the +0 hat "Nociak" (worn) {Rampage Fly rF+ rC++ Regen+}
   (You acquired it on level 1 of the Dungeon)

   rF:        It protects you from fire.
   rC:        It greatly protects you from cold.
   Fly:       It grants you flight.
   Regen:     It increases your rate of health regeneration.
   Rampage:   It bestows one free step when moving towards enemies.
 h - a +1 pair of gloves (worn)
 r - +6 fire dragon scales (worn)
 v - a scarf of repulsion (worn)
 y - a scarf of resistance
 Q - a +0 buckler
 X - +0 acid dragon scales
Jewellery
 l - a +4 ring of protection (right hand)
 x - a ring of magical power (left hand)
 O - a ring of poison resistance
 T - an amulet of guardian spirit (around neck)
Wands
 u - a wand of mindburst (24)
 z - a wand of paralysis (2)
 G - a wand of roots (14)
 H - a wand of flame (49)
 J - a wand of acid (5)
Scrolls
 d - 3 scrolls of poison
 i - 9 scrolls of teleportation
 j - a scroll of fear
 m - 4 scrolls of vulnerability
 o - 2 scrolls of immolation
 p - 2 scrolls of identify
 A - 4 scrolls of magic mapping
 E - 2 scrolls of butterflies
 P - 3 scrolls of noise
 W - a scroll of torment
Potions
 b - 3 potions of might
 k - 3 potions of curing
 n - a potion of lignification
 B - 2 potions of haste
 D - a potion of magic
 F - 2 potions of berserk rage
 M - 2 potions of resistance
 U - 3 potions of mutation
 Y - a potion of ambrosia
Miscellaneous
 N - a condenser vane
 R - a piece from Xom's chessboard (15/15)


   Skills:
 * Level 18.7 Fighting
 - Level 3.9 Axes
 + Level 16.3 Ranged Weapons
 * Level 6.1 Armour
 * Level 6.1 Dodging


You had 13 spell levels left.
You didn't know any spells.
Your spell library was empty.

Dungeon Overview and Level Annotations

Branches:
Dungeon (15/15)            Temple (0/1) D:7            Lair (0/5) D:11
    Orc (0/2) D:12          Sewer (visited)         Ossuary (visited)
 Bailey (visited)
 Vaults: D:13-14     Depths: D:15

Altars:
Ashenzari
Cheibriados
Dithmenos
Elyvilon
Hepliaklqana
Qazlal
Uskayaw
Vehumet
Wu Jian
Xom
Zin
The Shining One

Shops:
D:8 (*

Annotations:
D:3 exclusion: statue
D:7 3 runed translucent doors, buriedalive's ghost, novice DEIE
D:11 exclusions: obsidian statue and orange crystal statue
D:15 Louise


Innate Abilities, Weirdness & Mutations

You have a beak for a mouth.
You have claws for feet.
Your magical nature lets you fly swiftly and evasively.
Your magical capacity is low. (-10% MP)
You are resistant to electric shocks. (rElec)
[You sometimes lose your temper in combat.]
[You are very clumsy. (Dex -4)]
[Your body sometimes deteriorates upon taking damage.]
[You frequently scream uncontrollably at your foes.]
[You are very weak. (Str -4)]


Message History

The spatial maelstrom closely misses you.
A spatial vortex comes into view.
You feel yourself speed up.
The sixfirhy hits you but does no damage.
The spatial maelstrom barely misses you.
The spatial maelstrom hits you.
* * * LOW HITPOINT WARNING * * *
Space warps around you.
* * * LOW HITPOINT WARNING * * *
You feel ill.
You feel ill.
A spatial vortex comes into view.
An ancient zyme comes into view.
The spatial maelstrom attacks as you move away!
The spatial maelstrom hits you.
* * * LOW HITPOINT WARNING * * *
Space warps around you!
* * * LOW HITPOINT WARNING * * *
The spatial maelstrom hits you but does no damage.
A spatial vortex comes into view. x2
As you read the scroll of fear, it crumbles to dust.
You assume a fearsome visage.
The spatial maelstrom is unaffected.
The sixfirhy looks frightened!
The spatial vortex is unaffected. x3
The spatial maelstrom hits you.
* * * LOW HITPOINT WARNING * * *
Space warps around you.
* * * LOW HITPOINT WARNING * * *
The spatial maelstrom closely misses you.
You feel better. The spatial maelstrom misses you.
The spatial maelstrom completely misses you.
The spatial maelstrom hits you.
* * * LOW HITPOINT WARNING * * *
Space warps around you!
* * * LOW HITPOINT WARNING * * *
The spatial maelstrom hits you but does no damage.
A spatial vortex comes into view.
You feel ill.
A spatial vortex comes into view.
The spatial vortex hits you!
You die...

## .# .## ##
# ..## ..#.
.v#
#..###x###
#...#v.#.##
#@v....#
###..#...v# #
.##v#.#.## .
.##.##.# .#
#. .##.v .. #
#
#...#x.#.....
.#.####...v.#
..#.......##
.##..#.#.#


You could see a spatial maelstrom, 4 spatial vortices and an ancient zyme.

Vanquished Creatures
  Agnes (D:15)
  A fire dragon (D:14)
  2 vault guards (Bailey)
  2 boulder beetles
  3 hydras
  An ogre mage (D:12)
  11 centaur warriors
  8 two-headed ogres
  A hell hog (Abyss:4)
  A wretched star (Abyss:4)
  A large abomination (Abyss:4)
  6 skeletal warriors
  A swamp dragon (shapeshifter) (D:15)
  Pikel (D:8)
  A mana viper (shapeshifter) (D:14)
  A wizard (D:11)
  An orc knight (D:14)
  4 deep elf pyromancers
  2 ugly things
  A cyclops (D:11)
  21 slime creatures
  3 manticores
  Maurice (D:10)
  A gargoyle (D:10)
  3 centaur skeletons (D:14)
  Maggie (D:8)
  An efreet (D:14)
  2 kobold demonologists (D:12)
  4 trolls
  Prince Ribbit (Bailey)
  A hornet (D:7)
  3 shadows
  A centaur simulacrum (D:14)
  7 humans (Bailey)
  A vampire (D:13)
  6 water elementals
  2 wraiths
  A wyvern (D:9)
  A fire elemental (D:11)
  5 yaks (D:9)
  2 basilisks (D:12)
  19 vampire mosquitoes
  A steam dragon (D:9)
  2 acid dragons
  3 wargs (D:11)
  A water moccasin (D:7)
  Duvessa (D:4)
  A black bear (D:6)
  4 orc warriors
  An ice beast (D:8)
  15 ogres
  11 centaurs
  5 kobold brigands
  A gnoll sergeant (D:10)
  12 bullfrogs
  2 necrophages
  6 scorpions
  3 wights (D:9)
  Dowan (D:4)
  18 killer bees
  3 electric eels (D:13)
  5 howler monkeys
  A jelly (D:6)
  8 orc priests
  2 hounds
  3 gnoll boudas
  5 iguanas (D:5)
  Ijyb (D:4)
  13 orc wizards
  5 ogre zombies (Ossuary)
  8 mummies
  A river rat (D:4)
  7 adders
  17 gnolls
  2 white imps
  2 adder zombies (Ossuary)
  6 worms
  4 dart slugs
  26 orcs
  8 bats
  7 endoplasms
  2 giant cockroaches
  13 goblins
  8 hobgoblins
  5 jackals
  5 quokkas
  15 ball pythons
  8 frilled lizards
  4 goblin zombies
  2 hobgoblin zombies (Ossuary)
  19 kobolds
  2 kobold zombies (Ossuary)
  3 quokka zombies (Ossuary)
  8 rats
  5 rat zombies (Ossuary)
  A butterfly (D:5)
  A lurking horror (Abyss:4)
460 creatures vanquished.

Vanquished Creatures (collateral kills)
  A kobold demonologist (D:14)
  A centaur (D:14)
  2 kobold brigands (D:14)
  A boggart skeleton (D:14)
  2 kobolds (D:14)
7 creatures vanquished.

Vanquished Creatures (others)
  3 wizards
  A wight (D:9)
  A demonic plant (Abyss:4)
  14 plants (D:13)
19 creatures vanquished.

Grand Total: 486 creatures vanquished

Notes
Turn   | Place    | Note
-------+----------+-------------------------------------------
     0 | D:1      | tizbic2 the Tengu Berserker began the quest for the Orb.
     0 | D:1      | Reached XP level 1. HP: 14/14 MP: 2/2
    58 | D:1      | Reached XP level 2. HP: 14/19 MP: 3/3
   515 | D:1      | You fall into a shaft and drop 1 floor!
   546 | D:2      | Reached XP level 3. HP: 22/24 MP: 4/4
   656 | D:1      | Reached ** piety under Trog
   657 | D:1      | Reached skill level 4 in Fighting
  1070 | D:1      | Identified a scroll of acquirement
  1074 | D:1      | Acquired the +0 hat "Nociak" {Rampage Fly rF+ rC++ Regen+}
  1682 | D:2      | Reached skill level 1 in Ranged Weapons
  1694 | D:2      | Reached XP level 4. HP: 29/29 MP: 5/5
  1719 | D:2      | Found a faded altar of an unknown god.
  2535 | D:3      | Found an ornate altar of the Wu Jian Council.
  2584 | D:3      | Found a radiant altar of Vehumet.
  2586 | D:3      | Noticed a charred statue
  3159 | D:3      | Reached *** piety under Trog
  3190 | D:3      | Found a glowing silver altar of Zin.
  3425 | D:3      | Gained mutation: Your magical nature lets you fly swiftly
                  | and evasively. [Tengu growth]
  3425 | D:3      | Reached XP level 5. HP: 28/33 MP: 6/6
  3572 | D:3      | Identified the +3 mace "Esoluruu" {pain, rC+}
  3728 | D:4      | Found a broken altar of Ashenzari.
  3800 | D:4      | Found a glowing drain.
  3811 | Sewer    | Entered a sewer
  3853 | Sewer    | Noticed a kobold brigand
  3866 | Sewer    | Killed a kobold brigand
  3867 | Sewer    | Reached skill level 5 in Ranged Weapons
  3867 | Sewer    | Reached XP level 6. HP: 25/38 MP: 7/7
  3886 | Sewer    | Found a white marble altar of Elyvilon.
  3974 | D:4      | Noticed Ijyb
  3983 | D:4      | Killed Ijyb
  4023 | D:4      | Found a snail-covered altar of Cheibriados.
  4111 | D:4      | Found a sand-covered staircase.
  4116 | Ossuary  | Entered an ossuary
  4286 | Ossuary  | Reached **** piety under Trog
  4309 | Ossuary  | Reached XP level 7. HP: 31/43 MP: 8/8
  4526 | D:4      | Noticed Duvessa
  4526 | D:4      | Noticed Dowan
  4533 | D:4      | Killed Duvessa
  4535 | D:4      | Killed Dowan
  4612 | D:4      | Gained mutation: Armour fits poorly on your strangely
                  | shaped body. [potion of mutation]
  4612 | D:4      | Gained mutation: You are strong-willed. (Will+) [potion of
                  | mutation]
  4612 | D:4      | Gained mutation: You expend magic power (3 MP) to
                  | strengthen your wands. [potion of mutation]
  4613 | D:4      | Lost mutation: Armour fits poorly on your strangely shaped
                  | body. [potion of mutation]
  4613 | D:4      | Lost mutation: You are strong-willed. (Will+) [potion of
                  | mutation]
  4613 | D:4      | Lost mutation: You expend magic power (3 MP) to strengthen
                  | your wands. [potion of mutation]
  4613 | D:4      | Gained mutation: [You occasionally shout uncontrollably at
                  | your foes.] [potion of mutation]
  4614 | D:4      | Lost mutation: [You occasionally shout uncontrollably at
                  | your foes.] [potion of mutation]
  4614 | D:4      | Gained mutation: Your magical capacity is low. (-10% MP)
                  | [potion of mutation]
  4614 | D:4      | Gained mutation: You are resistant to electric shocks.
                  | (rElec) [potion of mutation]
  5000 | D:4      | Found a white marble altar of Elyvilon.
  5007 | D:5      | Entered Level 5 of the Dungeon
  5019 | D:5      | Reached XP level 8. HP: 48/48 MP: 8/8
  5069 | D:5      | Reached skill level 5 in Fighting
  5371 | D:5      | Found a shimmering altar of Xom.
  5606 | D:5      | Reached skill level 6 in Fighting
  5999 | D:5      | Found a hazy altar of Hepliaklqana.
  6387 | D:6      | Reached skill level 7 in Fighting
  6463 | D:6      | Reached XP level 9. HP: 53/57 MP: 9/9
  6830 | D:7      | Noticed a hornet
  6836 | D:7      | Killed a hornet
  6837 | D:7      | Reached skill level 8 in Fighting
  6947 | D:7      | Reached skill level 10 in Ranged Weapons
  7012 | D:7      | Reached ***** piety under Trog
  7141 | D:7      | Found a staircase to the Ecumenical Temple.
  7143 | D:7      | Found a runed translucent gate.
  7143 | D:7      | Found a runed translucent gate.
  7143 | D:7      | Noticed buriedalive's ghost (novice DEIE)
  7144 | D:7      | Found a runed translucent gate.
  7185 | D:7      | Found a glowing golden altar of the Shining One.
  7238 | D:8      | Reached skill level 9 in Fighting
  7281 | D:8      | Found Zupsonk's General Store.
  7345 | D:8      | Bought a potion of heal wounds for 75 gold pieces
  7441 | D:8      | Found Mogguaw's Antique Weapon Emporium.
  7453 | D:8      | Bought a glowing rapier for 154 gold pieces
  7466 | D:8      | Noticed Pikel
  7469 | D:8      | Killed Pikel
  7470 | D:8      | Reached skill level 10 in Fighting
  7470 | D:8      | Reached XP level 10. HP: 68/68 MP: 10/10
  7693 | D:8      | Noticed Maggie
  7700 | D:8      | Killed Maggie
  7782 | D:9      | Found a stormy altar of Qazlal.
  8061 | D:9      | Found a shadowy altar of Dithmenos.
  8070 | D:9      | Received a gift from Trog
  8090 | D:9      | Reached skill level 11 in Fighting
  8224 | D:9      | Found a flagged portal.
  8254 | Bailey   | Entered a bailey
  8289 | Bailey   | Reached skill level 12 in Fighting
  8429 | Bailey   | Reached XP level 11. HP: 67/76 MP: 10/10
  8459 | Bailey   | Noticed Prince Ribbit
  8462 | Bailey   | Noticed a vault guard
  8466 | Bailey   | Killed Prince Ribbit
  8480 | Bailey   | Killed a vault guard
  8545 | Bailey   | Noticed a vault guard
  8573 | Bailey   | Killed a vault guard
  8574 | Bailey   | Reached skill level 13 in Fighting
  8922 | D:10     | Entered Level 10 of the Dungeon
  8922 | D:10     | Noticed a two-headed ogre
  8987 | D:10     | Killed a two-headed ogre
  9516 | D:10     | Noticed Maurice
  9531 | D:10     | Killed Maurice
  9588 | D:11     | Noticed a deep elf pyromancer
  9596 | D:11     | Noticed a deep elf pyromancer
  9597 | D:11     | Noticed a manticore
  9609 | D:11     | Killed a manticore
  9624 | D:11     | Noticed a deep elf pyromancer
  9630 | D:11     | Killed a deep elf pyromancer
  9631 | D:11     | Reached skill level 14 in Fighting
  9643 | D:11     | Killed a deep elf pyromancer
  9657 | D:11     | Killed a deep elf pyromancer
  9661 | D:11     | Noticed a wizard
  9661 | D:11     | Noticed a wizard
  9665 | D:11     | Killed a wizard
  9666 | D:11     | Reached XP level 12. HP: 86/86 MP: 11/11
  9732 | D:11     | Found a staircase to the Lair.
 10113 | D:11     | Noticed a boulder beetle
 10130 | D:11     | Killed a boulder beetle
 10131 | D:11     | Reached skill level 15 in Fighting
 10673 | D:12     | Found a staircase to the Orcish Mines.
 11370 | D:12     | Reached skill level 16 in Fighting
 11441 | D:12     | Received a gift from Trog
 11851 | D:12     | Noticed a sun demon
 12009 | D:12     | Reached XP level 13. HP: 95/95 MP: 12/12
 12137 | D:12     | Reached skill level 15 in Ranged Weapons
 12168 | D:12     | Reached skill level 17 in Fighting
 12211 | D:12     | Paralysed by something for 4 turns
 12874 | D:13     | Found a glowing golden altar of the Shining One.
 13000 | D:13     | Found a hide-covered altar of Uskayaw.
 13006 | D:13     | Received a gift from Trog
 13149 | D:13     | Reached skill level 18 in Fighting
 13800 | D:14     | Noticed a fire dragon
 13830 | D:14     | Killed a fire dragon
 13831 | D:14     | Reached XP level 14. HP: 76/104 MP: 6/13
 14530 | D:14     | Reached skill level 5 in Armour
 14530 | D:14     | Reached skill level 5 in Dodging
 14556 | D:15     | Entered Level 15 of the Dungeon
 14605 | D:15     | Identified the +0 tower shield of Xoomm {rN+ Will+ rCorr
                  | Dex+3}
 14605 | D:15     | Noticed Louise
 14738 | D:15     | Noticed Agnes
 14764 | D:15     | Killed Agnes
 14977 | Abyss:3  | Cast into level 3 of the Abyss (Louise)
 15103 | Abyss:4  | Slain by a spatial vortex

Illustrated notes

Levels and vault maps discovered:
D:1:      dpeg_arrival_arbitrary_a, layout_loops_corners, grunt_decor_clamped
D:2:      minmay_wonky_spiral, layout_basic,
          ebering_ecumenical_altar_sacrificial, nicolae_wormholes
D:3:      layout_basic, vehumet_statue, zin_academy,
          nicolae_wu_jian_wuxing_cycle
D:4:      minmay_diamond_boxcup, layout_basic, ashenzari_conservatory_becter,
          kennysheep_mini_moat, lemuel_round_altar, nicolae_ossuary_entry_giza,
          cheibrodos_sewer_entry_sluice, uniq_duvessa, uniq_ijyb
D:5:      layout_loops_corners, xom_butterflies, nzn_hepliaklqana_mist_gate,
          st_stairs_11, kennysheep_generic_room_3
D:6:      layout_loops_cross
D:7:      layout_rooms, tso_metal_star, minmay_temple_entry_glass,
          gammafunk_ghost_nasty_kobolds
D:8:      layout_basic, serial_shops, shop, nicolae_shop_advertising_works
          [nicolae_subvault_shop_adworks], uniq_maggie, uniq_pikel
D:9:      layout_rooms, grunt_dithmenos_smoke, nicolae_qazlal_scattered_showers,
          enter_bailey_5
D:10:     layout_loops_ring, uniq_maurice
D:11:     cheibrodos_lost_city_excavation, layout_loops_corners,
          erik_lair_orcish_takeover, david_greed
D:12:     lemuel_ogre_cave, layout_gridville, orc_0_dummy, nrook_uturn,
          nicolae_underground_beach
D:13:     wad_lake_hut, layout_irregular_city, hangedman_feature_mirror
D:14:     layout_irregular_city, hangedman_vaults_entry_quadrant_bands,
          moated_statue
D:15:     grunt_enter_depths_magical_seal, layout_rooms,
          minmay_misc_feat_rugged, uniq_agnes, uniq_louise
Abyss:4:  base: D:10, evilmike_abyss_exit_15, evilmike_abyss_exit_12,
          evilmike_abyss_exit_12, evilmike_abyss_exit_plants,
          grunt_abyss_rune_wretched_hive

Skill      XL: |  1  2  3  4  5  6  7  8  9 10 11 12 13 14 |
---------------+-------------------------------------------+-----
Fighting       | 4 7 10 12 14 16 18 | 18.7
Ranged Weapons | 1 3 5 6 8 9 10 12 13 14 15 16 | 16.3
Armour         | 3 6 |  6.1
Dodging        | 3 6 |  6.1
Axes           | |  3.9

Action                   |  1- 3 |  4- 6 |  7- 9 | 10-12 | 13-15 || total
-------------------------+-------+-------+-------+-------+-------++-------
Melee: Hand axe          |    52 |    19 |    15 |     9 |       ||    95
       Peck              |     8 |     8 |    22 |    22 |    16 ||    76
       Kick              |    10 |    14 |    30 |    52 |    28 ||   134
       Spear             |       |    14 |    49 |    25 |       ||    88
       Whip              |       |     4 |    17 |    16 |    16 ||    53
       War axe           |       |     3 |    20 |    21 |    12 ||    56
       Arbalest          |       |       |     3 |     1 |     2 ||     6
       Lance             |       |       |       |    59 |    25 ||    84
       Punch             |       |       |       |       |     1 ||     1
 Fire: Arbalest          |    30 |   171 |   185 |   439 |   439 ||  1264
       Sling             |    11 |       |       |       |       ||    11
Invok: Trog's Hand       |       |     1 |       |       |       ||     1
       Berserk           |       |       |     1 |     7 |     2 ||    10
       Brothers in Arms  |       |       |       |       |     1 ||     1
  Use: Scroll            |     2 |     4 |    18 |    13 |     9 ||    46
       Potion            |       |       |     4 |     4 |     6 ||    14
Armor: Animal skin       |    17 |       |       |       |       ||    17
       Chain mail        |    20 |    26 |       |       |       ||    46
       Fire dragon scale |       |    49 |    97 |   219 |   345 ||   710
       Ring mail         |       |     3 |       |       |       ||     3
Dodge: Dodged            |    53 |    90 |   154 |   312 |   367 ||   976
       Repelled          |       |       |     3 |     8 |     6 ||    17
